 Dungeon Crawl Stone Soup version 0.19.5 (webtiles) character file.

25 tidbits the Charmwright (level 2, -4/19 HPs)
             Began as a High Elf Skald on Nov 9, 2017.
             Killed by divine providence
             ... invoked by an orc priest
              (9 damage)
             ... on level 3 of the Dungeon.
             The game lasted 00:02:32 (391 turns).

tidbits the Charmwright (High Elf Skald)             Turns: 391, Time: 00:02:32

Health: -4/19      AC:  3    Str: 16    XL:     2   Next: 86%
Magic:  3/6        EV: 12    Int: 15    God:
Gold:   50         SH:  0    Dex: 14    Spells: 3 memorised, 1 level left

rFire  . . .     SeeInvis .     a - +2 short sword (speed)
rCold  . . .     Gourm    .     b - +0 leather armour
rNeg   . . .     Faith    .     (no shield)
rPois  .         Spirit   .     (no helmet)
rElec  .         Reflect  .     (no cloak)
rCorr  .         Harm     .     (no gloves)
MR     .....                    (no boots)
Stlth  +.........               f - amulet of rage
                                (no ring)
                                h - +5 ring of strength

@: infused (expiring)
A: no striking features
a: Evoke Berserk Rage


You were on level 3 of the Dungeon.
You were not hungry.

You visited 1 branch of the dungeon, and saw 3 of its levels.

You collected 50 gold pieces.

Inventory:

Hand Weapons
 a - a +2 short sword of speed (weapon)
   (You took it off a kobold on level 2 of the Dungeon)
 j - a +0 falchion
Missiles
 e - 31 arrows
Armour
 b - a +0 leather armour (worn)
Jewellery
 f - an amulet of rage (around neck)
   (You found it on level 1 of the Dungeon)
 h - a +5 ring of strength (left hand)
   (You found it on level 1 of the Dungeon)
Scrolls
 g - 2 scrolls of fear {unknown}
 i - a scroll of identify {unknown}
Books
 c - a book of Battle

   Spells                             Type                      Level
   a - Infusion                       Charms                       1
   b - Shroud of Golubria             Charms/Translocation         2
   c - Song of Slaying                Charms                       2
   d - Spectral Weapon                Hexes/Charms                 3
   e - Regeneration                   Charms/Necromancy            3
Comestibles
 d - a bread ration


   Skills:
 - Level 2.0 Fighting
 - Level 2.6 Long Blades
 - Level 1.1 Armour
 - Level 1.4 Dodging
 - Level 2.5 Spellcasting
 - Level 3.7 Charms
 + Level 1.8 Evocations


You had one spell level left.
You knew the following spells:

 Your Spells              Type           Power        Failure   Level  Hunger
g - Shroud of Golubria    Chrm/Tloc      #.........   21%         2    ###....
i - Infusion              Chrm           ##..         8%          1    #......
y - Song of Slaying       Chrm           ##......     12%         2    ###....


Dungeon Overview and Level Annotations

Branches:
Dungeon (3/15)

Altars:


Message History

You begin infusing your attacks with magical energy.
The kobold throws a stone.
The stone hits you but does no damage. The leopard gecko barely misses you.
You riposte.
You slash the leopard gecko!
You kill the leopard gecko!
You hit the kobold.
The kobold is severely wounded.
The kobold barely misses you.
You hit the kobold.
You kill the kobold!
Things that are here:
a short sword; 3 stones You now have 50 gold pieces (gained 15).
Found a stone staircase leading down.
There is a stone staircase leading down here.
You climb downwards.
A frilled lizard and a rat come into view.
Your magical infusion is running out.
The frilled lizard bites you.
Found a scroll labeled NOTZUU UMUGH.
There is a stone staircase leading up here.
You barely miss the frilled lizard.
The frilled lizard unfolds its giant frill.
The frilled lizard misses you.
You riposte.
You miss the frilled lizard. You slash the frilled lizard!
You kill the frilled lizard!
You hit the rat.
You kill the rat!
Your Evocations skill increases to level 1!
You are no longer magically infusing your attacks.
i - a scroll labeled NOTZUU UMUGH You open the door.
Found a scroll labeled FOIWYF FIOMMU.
Found a stone staircase leading down.
There is an open door here.
Found a hand axe.
g - 2 scrolls labeled FOIWYF FIOMMU (gained 1)
You open the door.
There is an open door here.
Found an escape hatch in the floor.
A kobold comes into view. It is wielding a short sword of speed.
The kobold shouts!
Casting: Infusion
Confirm with . or Enter, or press ? or * to list all spells.
You begin infusing your attacks with magical energy.
You barely miss the kobold. The kobold misses you.
You hit the kobold.
You kill the kobold!
You see here a short sword of speed.
j - a short sword of speed Wield which item (- for none, * to show all)? (? for menu, Esc to quit)
Your hands tingle!
j - a +2 short sword of speed (weapon)
Adjust (i)tems, (s)pells, or (a)bilities?
Adjust which item? (? for menu, Esc to quit)
j - a +2 short sword of speed (weapon)
Adjust to which letter? (? for menu, Esc to quit)
a - a +2 short sword of speed (weapon);
j - a +0 falchion
Found a stone staircase leading down.
There is a stone staircase leading down here.
You climb downwards.
An adder comes into view.
The adder hisses angrily.
There is a stone staircase leading up here.
Casting: Infusion
Confirm with . or Enter, or press ? or * to list all spells.
Space distorts slightly along a thin shroud covering your body.
You puncture the adder!
You kill the adder!
Found a scroll labeled NOTZUU UMUGH.
Your magical infusion is running out.
A rat comes into view.
An orc priest comes into view. It is wielding a whip.
Your shroud begins to fray at the edges.
Found 22 stones.
The orc priest calls down the wrath of Beogh upon you.
You barely resist. The rat bites you but does no damage.
You are no longer magically infusing your attacks.
You hit the rat.
You kill the rat!
Your shroud unravels.
You see here an adder corpse.
Casting: Shroud of Golubria
Confirm with . or Enter, or press ? or * to list all spells.
You begin infusing your attacks with magical energy.
The orc priest calls down the wrath of Beogh upon you.
Beogh smites you!
Ouch! That really hurt!
* * * LOW HITPOINT WARNING * * *
You aren't carrying any potions.
Unknown command.
You aren't carrying any potions.
Unknown command.
Okay, then.
Your magical infusion is running out.
The orc priest hits you but does no damage.
There is a stone staircase leading up here.
You puncture the orc priest!
The orc priest is heavily wounded.
The orc priest invokes the aid of Beogh against you.
Beogh smites you!
You die...

#..#....####
#####o..........
...o..........##
.###...........
####.####.## #.#
.. #.##.#.#.
#.####.o......
#...†.@##.#.#.
#.####.# .. #.#
.# #.# # ..# ###


You could see an orc priest.

Vanquished Creatures
  An adder (D:3)
  A leopard gecko (D:1)
  2 bats
  3 giant cockroaches
  A hobgoblin (D:1)
  2 frilled lizards
  3 kobolds
  3 rats
16 creatures vanquished.

Notes
Turn   | Place    | Note
-------+----------+-------------------------------------------
     0 | D:1      | tidbits the High Elf Skald began the quest for the Orb.
     0 | D:1      | Reached XP level 1. HP: 14/14 MP: 4/4
    58 | D:2      | Reached skill level 1 in Armour
   212 | D:1      | Reached XP level 2. HP: 18/19 MP: 3/6
   216 | D:1      | Learned a level 2 spell: Song of Slaying
   219 | D:1      | Learned a level 2 spell: Shroud of Golubria
   301 | D:2      | Reached skill level 1 in Evocations
   391 | D:3      | Killed from afar by an orc priest

Skill      XL: |  1  2 |
---------------+-------+-----
Armour         | 1 |  1.1
Evocations     | 1 |  1.8
Fighting       | |  2.0
Long Blades    | |  2.6
Dodging        | |  1.4
Spellcasting   | |  2.5
Charms         | |  3.7

Action                   || total
-------------------------++-------
Melee: Falchion          ||    25
       Short sword       ||     3
 Cast: Infusion          ||    10
       Shroud of Golubri ||     1
Armor: Leather armour    ||     8
Dodge: Dodged            ||    13
       Rpst.: Falchion   ||     3

Table legend:
 A = Turns spent in this place as a percentage of turns spent in the entire game.
 B = Non-inter-level travel turns spent in this place as a percentage of non-inter-level travel turns spent in the entire game.
 C = Inter-level travel turns spent in this place as a percentage of turns spent in this place.
 D = Turns resting spent in this place as a percentage of non-inter-level travel turns spent in this place.
 E = Turns spent auto-exploring this place as a percentage of non-inter-level travel turns spent in this place.
 F = Non-inter-level travel turns spent in this place divided by the number of levels of this place that you've seen.
                   A       B       C       D       E      F
               +-------+-------+-------+-------+-------+----------------------
         Total | 100.0 | 100.0 |   0.0 |   0.0 |   0.0 | 103.3
       Dungeon | 100.0 | 100.0 |   0.0 |   0.0 |   0.0 | 103.3
               +-------+-------+-------+-------+-------+----------------------

Table legend:
 A = Kills in this place as a percentage of kills in entire the game.
 B = Kills by you in this place as a percentage of kills by you in the entire game.
 C = Kills by friends in this place as a percentage of kills by friends in the entire game.
 D = Other kills in this place as a percentage of other kills in the entire game.
 E = Experience gained in this place as a percentage of experience gained in the entire game.
 F = Experience gained in this place divided by the number of levels of this place that you have seen.
                   A       B       C       D       E      F
               +-------+-------+-------+-------+-------+----------------------
         Total | 100.0 | 100.0 |  -nan |  -nan | 100.0 |  12.3
       Dungeon | 100.0 | 100.0 |  -nan |  -nan | 100.0 |  12.3
               +-------+-------+-------+-------+-------+----------------------

Vault maps used:
D:1:      evilmike_arrival_fibonacci_small, serial_bayou_pond_d,
          corner_web_ring, nemelex_diamond_rough_becter
D:2:      uniq_sigmund
D:3:      first_bread, minivault_19, serial_bayou_pond_a, uniq_jessica
